 Dungeon Crawl Stone Soup version 0.31.0 (webtiles) character file.

Game seed: 9071088880500789486

2587 qw the Skirmisher (level 9, -9/57 HPs)
             Began as a Gargoyle Hunter on Jan 19, 2024.
             Was a Follower of Okawaru.
             Mangled by a komodo dragon (20 damage)
             ... on level 7 of the Dungeon.
             The game lasted 00:00:36 (6537 turns).

qw the Skirmisher (Gargoyle Hunter)                 Turns: 6537, Time: 00:00:37

Health: -9/57      AC: 14    Str: 14    XL:     9   Next: 58%
Magic:  8/10       EV: 17    Int: 11    God:    Okawaru [*.....]
Gold:   303        SH:  5    Dex: 17    Spells: 8/8 levels left

rFire   + . .        d - +1 orcbow (elec)
rCold   + . .        (shield currently unavailable)
rNeg    + . .        b - +2 robe {rC+ rF+}
rPois   inf          (no helmet)
rElec   +            j - +1 cloak
rCorr   .            h - +0 pair of gloves
SInv    .            (no boots)
Will    .....        l - amulet of reflection
Stlth   +++          (no ring)
HPRegen 0.29/turn    (no ring)
MPRegen 0.12/turn

%: reflection
@: about to teleport, heroic
A: sickness immunity, AC +6, negative energy resistance 1, electricity
resistance, torment resistance 1, petrification resistance
a: Renounce Religion, Heroism


You were on level 7 of the Dungeon.
You worshipped Okawaru.
Okawaru was aware of your devotion.
You visited 2 branches of the dungeon, and saw 8 of its levels.
You also visited: Ossuary.

You collected 349 gold pieces.
You spent 46 gold pieces at shops.


Innate Abilities, Weirdness & Mutations

You are immune to sickness and miasma.
Your stone body is resilient. (AC +6)
You are immune to poison.
You resist negative energy. (rN+)
You are resistant to electric shocks. (rElec)
You are resistant to unholy torment.
You are immune to petrification.


   Skills:
 - Level 7.1(12.1) Fighting
 + Level 10.9(15.9) Ranged Weapons
 - Level 1.2(6.2) Armour
 - Level 3.3(8.3) Dodging
 - Level 1.1(6.1) Stealth
 + Level 2.2 Invocations


You had 8 spell levels left.
You didn't know any spells.
Your spell library was empty.

Inventory:

Hand Weapons
 d - a +1 orcbow of electrocution (weapon)
Armour
 b - a +2 robe of resistance (worn)
 h - a +0 pair of gloves (worn)
 j - a +1 cloak (worn)
Jewellery
 l - an amulet of reflection (around neck)
Scrolls
 k - a scroll of teleportation
Potions
 a - a potion of resistance
 c - 3 potions of curing
 e - a potion of heal wounds
 f - 2 potions of mutation
 g - a potion of enlightenment
 i - a potion of might

Dungeon Overview and Level Annotations

Branches:
Dungeon (7/15)             Temple (1/1) D:5         Ossuary (visited)

Altars:
Ashenzari
Cheibriados
Kikubaaqudgha
Makhleb
Okawaru
Trog
Uskayaw
Vehumet
Wu Jian
Xom
The Shining One
Lugonu

Shops:
D:4 [=(*   D:5 *

Annotations:
D:6 2 transporters


Message History

You kill the iguana!
Okawaru accepts your kill.
The frilled lizard bites you but does no damage.
A komodo dragon comes into view.
An iguana comes into view.
You block the frilled lizard's attack.
You shoot an arrow. The arrow hits the frilled lizard!
You kill the frilled lizard!
Okawaru accepts your kill. The frilled lizard closely misses you.
The frilled lizard bites you but does no damage.
You shoot an arrow. The arrow misses the frilled lizard.
The frilled lizard closely misses you. The frilled lizard misses you.
The frilled lizard closely misses you. x2
You shoot an arrow.
The arrow closely misses the frilled lizard.
The arrow hits the frilled lizard.
You kill the frilled lizard!
Okawaru accepts your kill. The frilled lizard barely misses you.
You block the frilled lizard's attack.
The frilled lizard bites you but does no damage.
6534 ||| INVOKING Heroism.
You gain the combat prowess of a mighty hero.
You block the frilled lizard's attack. The frilled lizard misses you.
The frilled lizard completely misses you.
You shoot an arrow. The arrow hits the komodo dragon!
Lightning courses through the komodo dragon!
The komodo dragon is heavily wounded.
You block the komodo dragon's attack.
You shoot an arrow. The arrow hits the komodo dragon!
The komodo dragon is severely wounded.
The frilled lizard misses you. You block the frilled lizard's attack.
The frilled lizard barely misses you. The komodo dragon bites you!!
6537 ||| READING 2 scrolls of teleportation.
As you read the scroll of teleportation, it crumbles to dust.
You feel strangely unstable.
The frilled lizard completely misses you.
The frilled lizard bites you but does no damage.
The frilled lizard completely misses you.
The komodo dragon bites you!!
You die...

.# .######## #.#..###
......... #.#....
.########.#.....#
........#.#.....#
...####.#.#.....# (#.#
#.......## ###.. ##.#
#.......l#...... ...#
#.......@ll..... #### #
#.......lll...?.
#######.#...######l.....
.............# ..###.
............## .#
..........#.# ##
####......#.###
.....##...#.#.####
.....##...#.#....#


You could see a komodo dragon, an iguana and 5 frilled lizards.

Vanquished Creatures
  An orc warrior (D:7)
  A black bear (D:6)
  2 ice beasts
  An ogre (D:5)
  2 elf zombies (Ossuary)
  2 bullfrogs
  4 scorpions
  3 wights (D:7)
  2 howler monkeys (D:5)
  A spectral bullfrog (Ossuary)
  A centaur zombie (Ossuary)
  A crimson imp (D:3)
  2 orc priests
  5 hounds
  3 bombardier beetles
  4 human zombies (Ossuary)
  2 jellies
  6 iguanas
  A sleepcap (D:6)
  Jessica (D:2)
  6 orc wizards
  2 crocodile zombies (Ossuary)
  A scorpion simulacrum (Ossuary)
  2 mummies (Ossuary)
  11 gnolls
  5 adders
  2 hound simulacra (Ossuary)
  A shadow imp (D:5)
  2 ufetubi (D:5)
  4 spectral adders (Ossuary)
  A spectral gnoll (Ossuary)
  2 dart slugs
  4 ribbon worms (D:2)
  3 adder simulacra (Ossuary)
  32 orcs
  2 ball pythons
  4 bats
  8 endoplasms
  4 giant cockroaches
  8 gnoll zombies (Ossuary)
  5 goblins
  8 hobgoblins
  8 jackals
  4 quokkas
  4 frilled lizards
  2 gnoll simulacra (Ossuary)
  3 jackal simulacra (Ossuary)
  8 kobolds
  3 kobold zombies (Ossuary)
  5 orc zombies (Ossuary)
  3 rats
  3 spectral jackals (Ossuary)
205 creatures vanquished.

Notes
Turn   | Place    | Note
-------+----------+-------------------------------------------
     0 | D:1      | qw the Gargoyle Hunter began the quest for the Orb.
     0 | D:1      | Reached XP level 1. HP: 12/12 MP: 1/1
     0 | D:1      | 0 ||| qw: Version: 0.3-a-132-g3d54051
     0 | D:1      | 0 ||| qw: Game counter: 131
     0 | D:1      | 0 ||| qw: Melee chars always use a shield: true
     0 | D:1      | 0 ||| qw: God list: Okawaru
     0 | D:1      | 0 ||| qw: Allow faded altars: false
     0 | D:1      | 0 ||| qw: Do Orc after clearing Dungeon:15 true
     0 | D:1      | 0 ||| qw: Do second Lair branch before Depths: true
     0 | D:1      | 0 ||| qw: Lair rune preference: random
     0 | D:1      | 0 ||| qw: Goals: Normal
     0 | D:1      | 0 ||| PLANNING D:1-11
   199 | D:1      | Reached XP level 2. HP: 17/17 MP: 2/2
   442 | D:1      | 442 ||| READING scroll labelled FIOCKA ELAD.
   442 | D:1      | 442 ||| IDENTIFYING bubbling yellow potion
   443 | D:1      | 443 ||| READING scroll labelled VAWKI IBUATAO.
   443 | D:1      | 443 ||| BRANDING +0 shortbow.
   444 | D:1      | 444 ||| READING scroll labelled NAVOMU PA AJEM.
   445 | D:1      | 445 ||| DRINKING 2 lumpy brown potions.
   446 | D:1      | 446 ||| DROPPING scroll of butterflies.
   570 | D:2      | Reached XP level 3. HP: 21/21 MP: 3/3
   593 | D:2      | Reached skill level 5 in Ranged Weapons
   594 | D:2      | Noticed Jessica
   598 | D:2      | Killed Jessica
   599 | D:2      | Reached skill level 3 in Fighting
   649 | D:2      | 649 ||| UPGRADING to +2 robe of resistance.
   665 | D:2      | Reached XP level 4. HP: 27/28 MP: 4/4
   668 | D:2      | 668 ||| DROPPING +0 leather armour.
   769 | D:2      | Found a bloodstained altar of Trog.
   781 | D:2      | 781 ||| FLEEEEING.
   801 | D:2      | 801 ||| FLEEEEING.
  1393 | D:2      | 1393 ||| READING scroll labelled DISHECKO OHA QOL.
  1394 | D:2      | 1394 ||| READING scroll labelled OTOER WASEOROIG.
  1398 | D:2      | 1398 ||| READING scroll labelled QICSEU PYAXI.
  1484 | D:3      | Found a radiant altar of Vehumet.
  1647 | D:3      | Reached XP level 5. HP: 32/32 MP: 5/5
  1722 | D:3      | Reached skill level 6 in Ranged Weapons
  1726 | D:3      | 1726 ||| FLEEEEING.
  1727 | D:3      | 1727 ||| FLEEEEING.
  1728 | D:3      | 1728 ||| FLEEEEING.
  1729 | D:3      | 1729 ||| FLEEEEING.
  1730 | D:3      | 1730 ||| FLEEEEING.
  1731 | D:3      | 1731 ||| FLEEEEING.
  1732 | D:3      | 1732 ||| FLEEEEING.
  1733 | D:3      | 1733 ||| FLEEEEING.
  1734 | D:3      | 1734 ||| FLEEEEING.
  1736 | D:3      | 1736 ||| FLEEEEING.
  1738 | D:3      | 1738 ||| FLEEEEING.
  1739 | D:3      | 1739 ||| FLEEEEING.
  1740 | D:3      | 1740 ||| FLEEEEING.
  1741 | D:3      | 1741 ||| FLEEEEING.
  1747 | D:3      | 1747 ||| FLEEEEING.
  1748 | D:3      | 1748 ||| FLEEEEING.
  1749 | D:3      | 1749 ||| FLEEEEING.
  1750 | D:3      | 1750 ||| FLEEEEING.
  1753 | D:3      | 1753 ||| FLEEEEING.
  1754 | D:3      | 1754 ||| FLEEEEING.
  1755 | D:3      | 1755 ||| FLEEEEING.
  1758 | D:3      | 1758 ||| STAIRDANCE
  1942 | D:3      | Found a shimmering altar of Xom.
  1944 | D:3      | Found a burning altar of Makhleb.
  1956 | D:3      | 1956 ||| FLEEEEING.
  1957 | D:3      | 1957 ||| FLEEEEING.
  1958 | D:3      | 1958 ||| FLEEEEING.
  1963 | D:3      | 1963 ||| FLEEEEING.
  1966 | D:3      | 1966 ||| FLEEEEING.
  2175 | D:3      | 2175 ||| READING scroll labelled MOUWAL SEAKE.
  2175 | D:3      | 2175 ||| ENCHANTING +0 shortbow of draining.
  2239 | D:4      | 2239 ||| FLEEEEING.
  2243 | D:4      | Reached XP level 6. HP: 21/38 MP: 6/6
  2245 | D:4      | 2245 ||| STAIRDANCE
  2247 | D:4      | 2247 ||| STAIRDANCE
  2249 | D:4      | 2249 ||| STAIRDANCE
  2251 | D:4      | 2251 ||| STAIRDANCE
  2254 | D:3      | 2254 ||| FLEEEEING.
  2596 | D:4      | Found Vymoav's Weapon Shop.
  2661 | D:4      | Found Asaenoh's Assorted Antiques.
  2670 | D:4      | 2670 ||| SHOPLISTING +0 mask of the Dragon {Will+ Slay+3
                  | SInv} (868 gold, have 122).
  2670 | D:4      | 2670 ||| BUYING bubbling orange potion (23 gold).
  2670 | D:4      | Bought a bubbling orange potion for 23 gold pieces
  2670 | D:4      | 2670 ||| SHOPLISTING helmet (117 gold, have 99).
  2670 | D:4      | 2670 ||| BUYING purple potion (23 gold).
  2670 | D:4      | Bought a purple potion for 23 gold pieces
  2794 | D:4      | 2794 ||| FLEEEEING.
  2830 | D:4      | You fall into a shaft and drop 2 floors!
  2846 | D:6      | 2846 ||| PLANNING OSSUARY
  2882 | D:6      | Found a transporter.
  2889 | D:6      | Reached skill level 7 in Ranged Weapons
  3008 | D:6      | Noticed a kobold demonologist
  3027 | D:6      | Reached XP level 7. HP: 40/43 MP: 7/7
  3057 | D:6      | 3057 ||| FLEEEEING.
  3129 | D:6      | Found a transporter.
  3164 | D:6      | Reached skill level 8 in Ranged Weapons
  3468 | D:6      | Found a sand-covered staircase.
  3469 | D:6      | 3469 ||| DROPPING ring of magical power.
  3470 | D:6      | 3470 ||| READING 2 scrolls of identify.
  3470 | D:6      | 3470 ||| IDENTIFYING fizzy ruby potion
  3471 | D:6      | 3471 ||| READING scroll of identify.
  3471 | D:6      | 3471 ||| IDENTIFYING bubbling orange potion
  3472 | D:6      | 3472 ||| READING scroll labelled KEUVOS JAOST.
  3473 | D:6      | 3473 ||| DROPPING potion of lignification.
  3477 | Ossuary  | Entered an ossuary
  3718 | Ossuary  | 3718 ||| RETREEEEATING.
  3730 | Ossuary  | Reached XP level 8. HP: 44/49 MP: 8/8
  4049 | Ossuary  | Reached skill level 9 in Ranged Weapons
  4114 | Ossuary  | 4114 ||| RETREEEEATING.
  4116 | Ossuary  | 4116 ||| RETREEEEATING.
  4117 | Ossuary  | 4117 ||| RETREEEEATING.
  4118 | Ossuary  | 4118 ||| RETREEEEATING.
  4119 | Ossuary  | 4119 ||| RETREEEEATING.
  4122 | Ossuary  | 4122 ||| RETREEEEATING.
  4123 | Ossuary  | 4123 ||| RETREEEEATING.
  4125 | Ossuary  | 4125 ||| RETREEEEATING.
  4232 | Ossuary  | 4232 ||| READING 3 scrolls of identify.
  4232 | Ossuary  | 4232 ||| IDENTIFYING inky potion
  4233 | Ossuary  | 4233 ||| READING 2 scrolls of identify.
  4233 | Ossuary  | 4233 ||| IDENTIFYING purple potion
  4234 | Ossuary  | 4234 ||| READING scroll of identify.
  4234 | Ossuary  | 4234 ||| IDENTIFYING silvery potion
  4235 | Ossuary  | 4235 ||| READING 2 scrolls labelled XAOBBE XOAXUWU.
  4235 | Ossuary  | 4235 ||| ENCHANTING +0 shortbow of draining.
  4236 | Ossuary  | 4236 ||| READING scroll of enchant weapon.
  4236 | Ossuary  | 4236 ||| ENCHANTING +1 shortbow of draining.
  4237 | Ossuary  | 4237 ||| DROPPING potion of magic.
  4242 | D:6      | 4242 ||| PLANNING D:1-11
  4242 | D:6      | 4242 ||| FLEEEEING.
  4265 | D:5      | Entered Level 5 of the Dungeon
  4294 | D:5      | Reached skill level 6 in Fighting
  4338 | D:5      | HP: 12/51 [ufetubus (3)]
  4339 | D:5      | 4339 ||| DRINKING 2 potions of heal wounds.
  4587 | D:5      | 4587 ||| FLEEEEING.
  4592 | D:5      | 4592 ||| STAIRDANCE
  4626 | D:4      | Found Muesou's Antique Armour Boutique.
  4641 | D:4      | 4641 ||| READING scroll of enchant weapon.
  4641 | D:4      | 4641 ||| ENCHANTING +2 shortbow of draining.
  4666 | D:4      | Found Ickungep's Jewellery Boutique.
  4697 | D:4      | Reached skill level 10 in Ranged Weapons
  5036 | D:4      | 5036 ||| SHOPLISTING +5 ring of evasion (360 gold, have
                  | 141).
  5036 | D:4      | 5036 ||| SHOPLISTING +6 ring of dexterity (360 gold, have
                  | 141).
  5036 | D:4      | 5036 ||| SHOPLISTING +6 ring of strength (360 gold, have
                  | 141).
  5036 | D:4      | 5036 ||| SHOPLISTING ring "Niur" {Fly Str+3 Int+3 Dex+3}
                  | (434 gold, have 141).
  5036 | D:4      | 5036 ||| SHOPLISTING ring of willpower (250 gold, have
                  | 141).
  5089 | D:4      | 5089 ||| UPGRADING to +0 pair of gloves.
  5094 | D:4      | 5094 ||| UPGRADING to +1 cloak.
  5099 | D:4      | 5099 ||| UPGRADING to amulet of the acrobat.
  5104 | D:4      | 5104 ||| READING 2 scrolls of identify.
  5104 | D:4      | 5104 ||| IDENTIFYING green potion
  5105 | D:4      | 5105 ||| READING scroll of identify.
  5105 | D:4      | 5105 ||| IDENTIFYING 2 viscous white potions
  5106 | D:4      | 5106 ||| READING scroll labelled VOBOFOH ALLO.
  5106 | D:4      | Identified a scroll of acquirement
  5106 | D:4      | 5106 ||| ACQUIRING +1 orcbow of electrocution
  5106 | D:4      | Acquired a +1 orcbow of electrocution
  5108 | D:4      | 5108 ||| SWAPPING to +1 orcbow of electrocution.
  5109 | D:4      | 5109 ||| DROPPING +3 shortbow of draining.
  5110 | D:4      | 5110 ||| READING 2 scrolls labelled PANABE FYECS.
  5111 | D:4      | 5111 ||| DROPPING potion of attraction.
  5112 | D:4      | 5112 ||| DROPPING 2 potions of degeneration.
  5113 | D:4      | 5113 ||| DROPPING scroll of fear.
  5204 | D:5      | Reached skill level 1 in Armour
  5215 | D:5      | Reached skill level 3 in Dodging
  5215 | D:5      | Reached XP level 9. HP: 55/55 MP: 9/9
  5254 | D:5      | Found Uhuxt's Gadget Gallery.
  5328 | D:5      | Found a staircase to the Ecumenical Temple.
  5329 | D:5      | 5329 ||| PLANNING TEMPLE
  5329 | D:5      | 5329 ||| READING 2 scrolls of identify.
  5329 | D:5      | 5329 ||| IDENTIFYING clear potion
  5330 | D:5      | 5330 ||| DROPPING potion of ambrosia.
  5342 | Temple   | Entered the Ecumenical Temple
  5343 | Temple   | 5343 ||| PLANNING OKAWARU WORSHIP
  5356 | Temple   | Became a worshipper of Warmaster Okawaru
  5357 | Temple   | 5357 ||| PLANNING D:1-11
  5584 | D:5      | 5584 ||| READING scroll of identify.
  5584 | D:5      | 5584 ||| IDENTIFYING glowing emerald potion
  6221 | D:7      | Reached * piety under Okawaru
  6230 | D:7      | Reached skill level 1 in Invocations
  6410 | D:7      | 6410 ||| FLEEEEING.
  6416 | D:7      | 6416 ||| STAIRDANCE
  6443 | D:6      | 6443 ||| UPGRADING to amulet of reflection.
  6453 | D:6      | 6453 ||| DROPPING amulet of the acrobat.
  6530 | D:7      | Noticed a komodo dragon
  6534 | D:7      | 6534 ||| INVOKING Heroism.
  6536 | D:7      | HP: 11/57 [komodo dragon (24)]
  6537 | D:7      | 6537 ||| READING 2 scrolls of teleportation.
  6537 | D:7      | Mangled by a komodo dragon

Levels and vault maps discovered:
D:1:      shiori_arrival_elements, layout_basic, hangedman_decor_clover_reticule
D:2:      layout_basic, basic_altar, nicolae_concentric_dashed_squares_wild,
          uniq_jessica
D:3:      layout_loops_ring, grunt_temple_overflow_champion_of_chaos,
          lemuel_doored_altar
D:4:      layout_basic, serial_shops, nicolae_shop_tiny_real_fake_doors,
          nicolae_shop_window_shopping, nicolae_lakefront_shop, shop, hex_tiny,
          kennysheep_small_spiral, chequers_serial_rivers_small_b,
          minmay_fractal_squares_5
D:5:      layout_basic, minmay_temple_entry_glassed_door, grunt_ministairs_12,
          dreamdust_princess_corridor, nicolae_shop_gadgets
D:6:      gammafunk_wand_slinger, layout_gridville, enter_ossuary_5,
          minivault_25
D:7:      layout_basic, chequers_serial_rivers_large_a, minmay_lizard_king
Temple:   corrupted_temple

Skill      XL: |  1  2  3  4  5  6  7  8  9 |
---------------+----------------------------+-----
Ranged Weapons | 5 6 7 8 10 | 10.9
Fighting       | 3 4 5 6 7 |  7.1
Dodging        | 2 3 |  3.3
Armour         | 1 |  1.2
Invocations    | 2 |  2.2
Stealth        | |  1.1

Action                     |  1- 3 |  4- 6 |  7- 9 || total
---------------------------+-------+-------+-------++-------
   Fire: Shortbow          |    69 |   213 |   399 ||   681
         Orcbow            |       |       |   134 ||   134
 Invoke: Heroism           |       |       |     1 ||     1
    Use: Scroll            |     3 |     4 |    16 ||    23
         Potion            |     1 |       |     1 ||     2
 Armour: Leather armour    |    10 |       |       ||    10
         Robe              |     4 |    63 |   229 ||   296
         Skin              |     3 |       |       ||     3
  Dodge: Dodged            |    16 |    36 |   214 ||   266
  Block: Other             |       |       |     8 ||     8

Table legend:
 A = Non-vault XP
 B = Vault XP
 C = Vault XP percentage of total XP
 D = Non-vault monster count
 E = Vault monster count
 F = Vault count percentage of total count
                 A         B        C        D         E       F
            +---------+---------+-------+---------+---------+-------
      Total |    2583 |    1114 |  30.1 |     146 |      59 |  28.8
            +---------+---------+-------+---------+---------+-------
        D:1 |      18 |       0 |   0.0 |       9 |       0 |   0.0
        D:2 |      66 |      37 |  35.9 |      26 |       1 |   3.7
        D:3 |     160 |      48 |  23.1 |      32 |       1 |   3.0
        D:4 |     246 |     134 |  35.3 |      17 |       4 |  19.0
        D:5 |     618 |     157 |  20.3 |      22 |       2 |   8.3
        D:6 |     478 |       0 |   0.0 |      11 |       0 |   0.0
        D:7 |     997 |      73 |   6.8 |      29 |       4 |  12.1
    Ossuary |       0 |     665 | 100.0 |       0 |      47 | 100.0
            +---------+---------+-------+---------+---------+-------
